 Dungeon Crawl Stone Soup version 0.30.0-10-gfe55d96785 (webtiles) character file.

Game seed: 8881238882247028551

1080 2FriedEggs the Gusty (level 7, -1/50 HPs)
             Began as a Demigod Air Elementalist on May 14, 2023.
             Killed by divine providence
             ... invoked by an orc priest
              (11 damage)
             ... on level 6 of the Dungeon.
             The game lasted 00:10:49 (5440 turns).

2FriedEggs the Gusty (Demigod Air Elementalist)     Turns: 5440, Time: 00:10:50

Health: -1/50      AC:  6    Str:  9    XL:     7   Next: 81%
Magic:  16/16      EV: 12    Int: 25    God:
Gold:   398        SH:  0    Dex: 14    Spells: 7/14 levels left

rFire   . . .        e - staff of air
rCold   . . .        (no shield)
rNeg    . . .        a - +0 robe
rPois   .            n - +0 helmet
rElec   +            (no cloak)
rCorr   .            (no gloves)
SInv    .            h - +2 pair of boots
Will    .....        p - amulet of magic regeneration
Stlth   ++           j - ring of flight
HPRegen 0.28/turn    (no ring)
MPRegen 0.55/turn

%: no passive effects
@: flying
A: high MP 1, forlorn, divine attributes
a: no special abilities


You were on level 6 of the Dungeon.
You visited 1 branch of the dungeon, and saw 6 of its levels.

You collected 398 gold pieces.

Inventory:

Hand Weapons
 c - a +0 dagger
Armour
 a - a +0 robe (worn)
 h - a +2 pair of boots (worn)
 n - a +0 helmet (worn)
Magical Staves
 e - a staff of air (weapon)
Jewellery
 j - a ring of flight (left hand)
 p - an amulet of magic regeneration (around neck)
Wands
 d - a wand of charming (7)
Scrolls
 l - a scroll of blinking
 m - 4 scrolls of fog
 o - a scroll of poison
Potions
 b - a potion of magic
 f - a potion of brilliance
 i - a potion of lignification {unknown}
 k - 2 potions of attraction {unknown}


   Skills:
 - Level 1.9 Dodging
 - Level 1.9 Stealth
 - Level 4.0 Spellcasting
 + Level 4.3 Conjurations
 * Level 6.8 Air Magic


You had 7 spell levels left.
You knew the following spells:

 Your Spells              Type           Power      Damage    Failure   Level
a - Shock                 Conj/Air       100%       1d9       1%          1
b - Static Discharge      Conj/Air       98%        2-7/arc   1%          2
c - Airstrike             Air            28%        2d(4-20)  5%          4

Your spell library contained the following spells:

 Spells                   Type           Power      Damage    Failure   Level
 Swiftness                Air            56%        N/A       1%          3
 Lesser Beckoning         Tloc           10%        N/A       14%         2
 Gell's Gravitas          Tloc           5%         N/A       26%         3
 Teleport Other           Tloc           5%         N/A       26%         3


Dungeon Overview and Level Annotations

Branches:
Dungeon (6/15)
 Temple: D:4-7

Annotations:
D:4 Eustachio
D:5 5 runed translucent doors


Innate Abilities, Weirdness & Mutations

You have an increased reservoir of magic. (+10% MP)
You shall have no god before yourself.
Your divine heritage dramatically boosts your attributes as you level up.


Message History

The orc priest is wielding a +0 flail of protection.
Found a long sword and 3 stones.
The helpless orc fails to defend itself.
You hit the orc.
The orc is lightly wounded.
The orc wizard shouts!
The orc wizard gestures at you while chanting.
You are confused.
The orc hits you with a +0 flail.
The orc priest shouts!
Okay, then.
You are too confused!
It was a potion of curing.
You feel better.
The orc priest invokes the aid of Beogh against you.
Beogh smites you! The orc closely misses you.
Unknown command.
Aiming: Charm
Press: ? - help, Shift-Dir - straight line, f - orc priest
Aim: an orc priest, wielding a +0 flail of protection (chance to affect: 49%)
The orc priest resists with some effort.
The orc wizard hits you with a +0 dagger.
The orc priest looks satisfied for a moment.
The orc hits you with a +0 flail.
Aiming: Charm
Press: ? - help, Shift-Dir - straight line, f/p - orc priest
Aim: an orc priest, wielding a +0 flail of protection (chance to affect: 49%)
The orc priest resists with some effort.
The orc wizard gestures at you while chanting.
The puff of flame hits you!
The orc priest calls down the wrath of Beogh upon you.
Beogh smites you!
* * * LOW HITPOINT WARNING * * *
The orc hits you but does no damage.
Okay, then.
You feel better.
The orc wizard hits you with a +0 dagger.
* * * LOW HITPOINT WARNING * * *
The orc priest invokes the aid of Beogh against you.
Beogh smites you!
You die...

.... ...
#.. #..
#..
##..### #
##(....##
##
#...o@o.+
..
##..o#.##
## ##.#
.# # #.
.. # .##
.# .# .#


You could see an orc priest, an orc wizard and an orc.

Vanquished Creatures
  Pikel (D:5)
  2 lemures (D:5)
  A scorpion (D:5)
  5 wights (D:5)
  3 hounds (D:5)
  2 iguanas (D:5)
  5 adders
  4 gnolls (D:5)
  A white imp (D:5)
  4 worms
  A dart slug (D:2)
  An orc (D:4)
  6 bats
  9 endoplasms
  4 giant cockroaches
  6 hobgoblins
  A quokka (D:4)
  6 ball pythons
  2 frilled lizards
  5 goblins
  5 kobolds
  A rat (D:1)
75 creatures vanquished.

Notes
Turn   | Place    | Note
-------+----------+-------------------------------------------
     0 | D:1      | 2FriedEggs the Demigod Air Elementalist began the quest for
                  | the Orb.
     0 | D:1      | Reached XP level 1. HP: 14/14 MP: 5/5
   139 | D:1      | Reached skill level 1 in Conjurations
   440 | D:1      | Reached XP level 2. HP: 20/20 MP: 5/7
  1714 | D:2      | Reached XP level 3. HP: 26/26 MP: 6/9
  2012 | D:2      | Learned a level 2 spell: Static Discharge
  2534 | D:3      | Reached XP level 4. HP: 33/33 MP: 2/12
  2878 | D:3      | Noticed a +0 hand axe
  2878 | D:3      | Noticed a +0 hand axe
  3041 | D:4      | Noticed Eustachio
  3093 | D:4      | Identified a scroll of acquirement
  3094 | D:4      | Acquired a staff of air
  4192 | D:5      | Entered Level 5 of the Dungeon
  4192 | D:5      | Found the +9 staff of Olgreb {rPois∞}
  4196 | D:5      | Found a runed translucent door.
  4226 | D:5      | Reached skill level 3 in Air Magic
  4325 | D:5      | Noticed a lemure
  4332 | D:5      | Learned a level 4 spell: Airstrike
  4346 | D:5      | Reached XP level 5. HP: 38/38 MP: 10/14
  4445 | D:5      | Noticed a redback
  4446 | D:5      | Found a runed translucent door.
  4623 | D:5      | Noticed Pikel
  4675 | D:5      | Reached skill level 4 in Air Magic
  4728 | D:5      | Noticed a water moccasin
  4728 | D:5      | Noticed a water moccasin
  4729 | D:5      | Found a runed translucent gate.
  4729 | D:5      | Found a runed translucent gate.
  4741 | D:5      | Found a runed translucent gate.
  4743 | D:5      | Noticed a redback
  5061 | D:5      | Reached XP level 6. HP: 45/45 MP: 10/15
  5152 | D:5      | Reached skill level 5 in Air Magic
  5180 | D:5      | Reached XP level 7. HP: 50/50 MP: 2/16
  5325 | D:5      | Killed Pikel
  5326 | D:5      | Reached skill level 6 in Air Magic
  5440 | D:6      | Killed from afar by an orc priest

Illustrated notes

Levels and vault maps discovered:
D:1:      dpeg_arrival_more_subterranean_lakeside_camping, layout_basic,
          minmay_gold_behind_fungi, minmay_misc_feat_ornament
D:2:      layout_loops_ring, basic_altar, grunt_decor_clamped
D:3:      layout_rooms, dancing_weapons_uskayaw,
          nicolae_concentric_dashed_squares_mild, minmay_misc_feat_iff,
          nicolae_wormholes
D:4:      layout_gridville, pdpol_wu_jian_five_deadly_venoms,
          grunt_ministairs_11, uniq_eustachio
D:5:      layout_cave_pools, chequers_serial_rivers_marsh,
          minmay_guarded_unrand_staff_of_olgreb, uniq_pikel
D:6:      gammafunk_wand_slinger, layout_loops_corners, portal_sewer_entry_f

Skill      XL: |  1  2  3  4  5  6  7 |
---------------+----------------------+-----
Conjurations   | 1 2 3 4 |  4.3
Spellcasting   | 2 3 4 |  4.0
Air Magic      | 3 4 5 6 |  6.8
Dodging        | |  1.9
Stealth        | |  1.9

Action                     |  1- 3 |  4- 6 |  7- 9 || total
---------------------------+-------+-------+-------++-------
  Melee: Dagger            |     7 |       |       ||     7
         Staff             |       |     6 |     1 ||     7
   Cast: Shock             |   108 |    76 |       ||   184
         Static Discharge  |       |    11 |       ||    11
         Airstrike         |       |    11 |     2 ||    13
  Evoke: Wand              |       |     1 |     2 ||     3
    Use: Scroll            |     6 |     4 |     2 ||    12
         Potion            |       |       |     2 ||     2
   Stab: Sleeping          |       |     1 |     1 ||     2
 Armour: Robe              |     5 |     4 |     1 ||    10
  Dodge: Dodged            |    15 |    26 |     1 ||    42
